 Dungeon Crawl Stone Soup version 0.30.1-11-g7821555f0a (webtiles) character file.

Game seed: 4929443360908224894

76 KittyFluff the Cudgeller (level 4, 0/28 HPs)
             Began as a Gargoyle Berserker on Nov 10, 2023.
             Was a Believer of Trog.
             Killed by divine providence
             ... invoked by an orc priest
              (13 damage)
             ... on level 3 of the Dungeon.
             The game lasted 00:05:36 (1556 turns).

KittyFluff the Cudgeller (Gargoyle Berserker)       Turns: 1556, Time: 00:05:36

Health: 0/28       AC:  5    Str: 22    XL:     4   Next: 32%
Magic:  4/4        EV: 12    Int:  8    God:    Trog [**....]
Gold:   81         SH:  0    Dex:  9    Spells: 3/3 levels left

rFire   + . .        a - +0 mace
rCold   . . .        (no shield)
rNeg    + . .        b - +0 animal skin
rPois   ∞            (no helmet)
rElec   +            (no cloak)
rCorr   .            (no gloves)
SInv    .            (no boots)
Will    .....        (no amulet)
Stlth   +            c - ring of protection from fire
HPRegen 0.24/turn    (no ring)
MPRegen 0.09/turn

%: no passive effects
@: no status effects
A: sickness immunity, AC +3, negative energy resistance 1, electricity
resistance, torment resistance 1, petrification resistance
a: Renounce Religion, Berserk, Trog's Hand


You were on level 3 of the Dungeon.
You worshipped Trog.
Trog was pleased with you.
You visited 1 branch of the dungeon, and saw 3 of its levels.

You collected 81 gold pieces.

Inventory:

Hand Weapons
 a - a +0 mace (weapon)
Missiles
 i - 6 javelins (quivered)
Armour
 b - a +0 animal skin (worn)
Jewellery
 c - a ring of protection from fire (left hand)
Scrolls
 h - a scroll of torment {unknown}
 j - a scroll of poison {unknown}
 k - a scroll of fog {unknown}
 l - a scroll of teleportation {unknown}
 n - a scroll of amnesia {unknown}
 o - a scroll of magic mapping {unknown}
Potions
 d - a potion of resistance
 f - a potion of berserk rage


   Skills:
 + Level 3.6 Fighting
 * Level 3.6 Maces & Flails
 * Level 3.3 Armour
 + Level 2.0 Dodging
 + Level 1.4 Stealth


You had 3 spell levels left.
You didn't know any spells.
Your spell library was empty.

Dungeon Overview and Level Annotations

Branches:
Dungeon (3/15)

Altars:


Innate Abilities, Weirdness & Mutations

You are immune to sickness and miasma.
Your stone body is resilient. (AC +3)
You are immune to poison.
You resist negative energy. (rN+)
You are resistant to electric shocks. (rElec)
You are resistant to unholy torment.
You are immune to petrification.


Message History

Found an encrusted ivory ring.
The hobgoblin shouts!
You hear a shout! x3
An orc comes into view. It is wielding a +0 flail.
You hear a shout!
You closely miss the hobgoblin. The hobgoblin completely misses you.
You closely miss the hobgoblin. The hobgoblin hits you.
An orc comes into view. It is wielding a +0 falchion.
You thump the hobgoblin!
You kill the hobgoblin!
Trog accepts your kill.
You closely miss the orc. The orc closely misses you.
You closely miss the orc. The orc hits you with a +0 flail!
The orc barely misses you.
You sock the orc!
You kill the orc!
Trog accepts your kill. The orc hits you but does no damage.
The orc hits you with a +0 falchion.
Things that are here:
a +0 flail; an orc corpse; a hobgoblin corpse You hit the orc.
The orc is heavily wounded.
An orc comes into view. It is wielding a +0 falchion.
The orc barely misses you.
You hit the orc.
You kill the orc!
Trog accepts your kill.
An orc priest comes into view. It is wielding a +0 flail.
Things that are here:
a +0 falchion; a +0 ring mail; an orc corpse The orc hits you with a +0 falchion.
You barely miss the orc.
The orc priest shouts!
An orc comes into view. It is wielding a +0 club.
The orc shouts!
The orc priest calls down the wrath of Beogh upon you.
Beogh smites you! The orc hits you but does no damage.
The orc priest mumbles some strange prayers to Beogh against you.
Beogh smites you!
You die...

.# ##. ##### #..
#.!<# ..#
#+#####.### ..#
........######o##
^...##....)o....#
.. #....)..@o.#
#..........+
#.........##
#.........#
#.........#
#.=.......#
#.........#
#.........#


You could see an orc priest and 2 orcs.

Vanquished Creatures
  2 adders (D:2)
  2 worms (D:2)
  2 dart slugs
  2 orcs (D:3)
  5 endoplasms
  A giant cockroach (D:1)
  4 hobgoblins
  4 jackals (D:1)
  2 ball pythons
  5 bats
  2 frilled lizards (D:1)
  4 goblins
  9 kobolds
  3 rats
47 creatures vanquished.

Notes
Turn   | Place    | Note
-------+----------+-------------------------------------------
     0 | D:1      | KittyFluff the Gargoyle Berserker began the quest for the
                  | Orb.
     0 | D:1      | Reached XP level 1. HP: 14/14 MP: 1/1
   127 | D:1      | Reached XP level 2. HP: 19/19 MP: 2/2
   412 | D:1      | Reached XP level 3. HP: 19/23 MP: 3/3
   440 | D:1      | Reached ** piety under Trog
   634 | D:2      | Reached skill level 1 in Stealth
   847 | D:2      | Reached XP level 4. HP: 11/28 MP: 4/4
  1556 | D:3      | Killed from afar by an orc priest

Illustrated notes

Levels and vault maps discovered:
D:1:      zelgadis_glass_arrival_small, layout_rooms
D:2:      layout_basic
D:3:      layout_basic, minmay_crystal_water, uniq_ijyb

Skill      XL: |  1  2  3 |
---------------+----------+-----
Armour         | 3 |  3.3
Stealth        | 1 |  1.4
Dodging        | 2 |  2.0
Fighting       | |  3.6
Maces & Flails | |  3.6

Action                     |  1- 3 |  4- 6 || total
---------------------------+-------+-------++-------
  Melee: Mace              |   136 |    46 ||   182
         Punch             |     1 |       ||     1
    Use: Scroll            |       |     4 ||     4
 Armour: Animal skin       |    56 |    23 ||    79
  Dodge: Dodged            |    99 |    34 ||   133
